 Dungeon Crawl Stone Soup version 0.31-a0-1338-gb567cfdca4 (webtiles) character file.

Game seed: 17333665560878655423

9190 Aldia the Spear-Bearer (level 11, -12/124 HPs)
             Began as a Gnoll Wanderer on Dec 22, 2023.
             Was a Priest of Elyvilon.
             Succumbed to a redback's poison
             ... in a Gauntlet on Dec 23, 2023.
             The game lasted 00:19:32 (8029 turns).

Aldia the Spear-Bearer (Gnoll Wanderer)             Turns: 8029, Time: 00:19:32

Health: -12/124    AC: 17    Str: 14    XL:     11   Next: 42%
Magic:  1/20       EV: 17    Int: 14    God:    Elyvilon [***...]
Gold:   92         SH:  0    Dex: 14    Spells: 23/23 levels left

rFire   . . .        l - +1 halberd (flame)
rCold   . . .        (shield currently unavailable)
rNeg    . . .        t - +3 scale mail of Xynyll {Regen+}
rPois   .            F - +2 helmet
rElec   .            u - +0 cloak
rCorr   .            (no gloves)
SInv    .            E - +1 pair of boots of Downy {Int+3}
Will    .....        v - amulet of guardian spirit Stlth
                     j - +5 ring of evasion
HPRegen 1.20/turn    w - +4 ring of slaying
MPRegen 0.17/turn

%: no teleportation, guardian spirit
@: berserking, lethally poisoned (-12 -> -96), very quick
A: fangs 1, strong nose, distributed training
a: Renounce Religion, Purification, Heal Other, Heal Self


You were in a Gauntlet.
You worshipped Elyvilon.
Elyvilon was most pleased with you.
You visited 3 branches of the dungeon, and saw 11 of its levels.
You also visited: Gauntlet.

You collected 516 gold pieces.
You spent 424 gold pieces at shops.

Inventory:

Hand Weapons
 a - a +2 spear
 g - a +2 battleaxe of venom
 l - a +1 halberd of flaming (weapon)
 s - a +0 heavy trident
Armour
 f - a +1 pair of boots
 k - a +2 leather armour of poison resistance
 t - the +3 scale mail of Xynyll (worn) {Regen+}
   (You found it on level 3 of the Dungeon)

   Regen+:    It increases your rate of health regeneration.
 u - a +0 cloak (worn)
 E - the +1 pair of boots of Downy (worn) {Int+3}
   (You bought it in a shop on level 8 of the Dungeon)

   Int+3:     It affects your intelligence (+3).
 F - a +2 helmet (worn)
 G - a +0 hat of see invisible
Jewellery
 j - a +5 ring of evasion (left hand)
 n - an amulet of the acrobat
 v - an amulet of guardian spirit (around neck)
 w - a +4 ring of slaying (right hand)
 A - a +4 ring of slaying
 B - a +4 ring of slaying
Talismans
 x - a blade talisman
Wands
 c - a wand of flame (1) (quivered)
Scrolls
 b - 2 scrolls of fog
 d - 6 scrolls of teleportation
 q - a scroll of amnesia
 y - a scroll of fear
 D - a scroll of blinking
 H - a scroll of enchant weapon
Potions
 e - a potion of ambrosia
 h - a potion of might
 i - 3 potions of mutation
 m - 2 potions of brilliance
 o - 6 potions of heal wounds
 p - a potion of resistance
 r - a potion of lignification
 z - a potion of cancellation
 C - a potion of enlightenment


   Skills:
 + Level 6.5 Fighting
 + Level 6.5 Short Blades
 + Level 6.5 Long Blades
 + Level 6.5 Axes
 + Level 6.5 Maces & Flails
 + Level 10.7 Polearms
 + Level 6.5 Staves
 + Level 6.5 Ranged Weapons
 + Level 6.5 Throwing
 + Level 7.1 Armour
 + Level 7.1 Dodging
 + Level 7.0 Stealth
 + Level 6.5 Shields
 + Level 6.5 Unarmed Combat
 + Level 6.5 Spellcasting
 + Level 5.4 Conjurations
 + Level 5.4 Hexes
 + Level 5.4 Summonings
 + Level 5.4 Necromancy
 + Level 5.4 Translocations
 + Level 5.4 Fire Magic
 + Level 5.4 Ice Magic
 + Level 5.4 Air Magic
 + Level 5.4 Earth Magic
 + Level 5.4 Alchemy
 + Level 7.1 Invocations
 + Level 9.3 Evocations
 + Level 5.9 Shapeshifting


You had 23 spell levels left.
You didn't know any spells.
Your spell library contained the following spells:

 Spells                   Type           Power      Damage    Failure   Level
 Foxfire                  Conj/Fire      76%        2x1d7     6%          1
 Kiss of Death            Conj/Necr      76%        2d11      6%          1
 Sandblast                Erth           38%        2d10      6%          1
 Passwall                 Alch/Erth      15%        N/A       9%          2
 Confusing Touch          Hex            19%        N/A       17%         3
 Hailstorm                Conj/Ice       19%        3d7       17%         3
 Stone Arrow              Conj/Erth      38%        3d9       17%         3
 Summon Guardian Golem    Hex/Summ       19%        N/A       17%         3
 Brom's Barrelling Bould  Conj/Erth      19%        2d4       50%         4
 Dispel Undead            Necr           19%        3d11      50%         4
 Summon Ice Beast         Ice/Summ       19%        N/A       50%         4
 Plasma Beam              Fire/Air       9%         2x1d20    100%        6
 Simulacrum               Ice/Necr       9%         N/A       100%        6
 Starburst                Conj/Fire      9%         6d5       100%        6
 Orb of Destruction       Conj           9%         9d6       100%        7
 Spellforged Servitor     Conj/Summ      9%         N/A       100%        7


Dungeon Overview and Level Annotations

Branches:
Dungeon (9/15)             Temple (1/1) D:7            Lair (1/5) D:8
Gauntlet (1/1)
    Orc: D:9-12

Altars:
Ashenzari
Cheibriados
Dithmenos
Elyvilon
Fedhas
Gozag
Hepliaklqana
Kikubaaqudgha
Makhleb
Nemelex Xobeh
Okawaru
Qazlal
Ru
Sif Muna
Trog
Uskayaw
Vehumet
Wu Jian
Xom
Yredelemnul
Zin
The Shining One

Shops:
D:5 :   D:8 =*([[

Annotations:
Gauntlet 7 transporters


Innate Abilities, Weirdness & Mutations

You have very sharp teeth.
Your uncanny sense of smell can sniff out nearby items.
Your experience applies equally to all skills.


Message History

The redback poisons you!
Your life force feels restored.
Your Stealth skill increases to level 7!
Okay, then.
You miss the redback.
You feel extremely sick. The redback bites you!!
* * * LOW HITPOINT WARNING * * *
You are more poisoned.
The redback poisons you! The redback misses you.
You closely miss the redback.
* * * LOW HITPOINT WARNING * * *
You feel extremely sick.
The redback bites you but does no damage.
The redback misses you.
You barely miss the redback.
* * * LOW HITPOINT WARNING * * *
You feel extremely sick.
The redback bites you but does no damage.
The redback bites you. The redback barely misses you.
You closely miss the redback. Elyvilon protects you from harm!
The redback bites you!
* * * LOW HITPOINT WARNING * * *
You are more poisoned.
The redback poisons you!
The redback bites you but does no damage.
The redback barely misses you. The redback misses you.
Unknown command.
Unknown command.
Unknown command.
You are too berserk!
You closely miss the redback. Elyvilon protects you from harm!
The redback barely misses you.
The redback bites you but does no damage.
The redback barely misses you.
You slice the redback!! You burn the redback.
The redback is heavily wounded.
You die...

##.###################.#
##≈....#©.........©#....≈
#≈≈..8.#.8.8.8.8.8.#.8..≈
##≈....#©.........©#....≈
##.#########.#########.#
##≈.##..#s#.#.#.......#.≈
#≈≈.#.##.#.##.#.#..##.#.≈
##≈.##.s##.##.#...©##.#.≈
##.##.#@s#.###.###...#.#
##≈.#.#.s##.#.#.###...#.≈
#≈≈.#.###..##.#.###...#.≈
##≈.##=[©.?##.#..[©=!.#.≈
##.#########.#########.#
#≈.....................≈
#≈≈≈#≈≈≈#..∩.8.∩..#≈≈≈#≈≈
##≈###≈###.......###≈###≈
## ### ######### ### #


You could see 3 redbacks.

Vanquished Creatures
  A rakshasa (D:9)
  A two-headed ogre (D:8)
  A death scarab (Gauntlet)
  A moth of wrath (Gauntlet)
  A manticore (D:9)
  Maggie (D:8)
  A rime drake (Lair:1)
  Psyche (D:9)
  Sigmund (D:2)
  A wyvern (D:9)
  6 yaks (D:5)
  A ynoxinul (Gauntlet)
  2 steam dragons
  A vampire mosquito (D:6)
  A spectral cane toad (Gauntlet)
  7 water moccasins
  4 sky beasts
  An orc warrior (D:9)
  A black bear (Lair:1)
  2 ice beasts (D:7)
  2 centaurs
  A phantom (D:5)
  A kobold brigand (D:9)
  3 bullfrogs
  5 scorpions
  A gnoll sergeant (D:6)
  8 wights
  9 killer bees (D:9)
  3 howler monkeys
  6 hounds
  4 orc priests
  2 jellies
  4 iron imps (Gauntlet)
  2 sleepcaps (D:7)
  2 iguanas (D:6)
  3 orc wizards
  4 gnolls
  8 adders
  A shadow imp (D:6)
  2 white imps
  An ufetubus (D:6)
  3 worms
  A dart slug (D:1)
  20 orcs
  6 ball pythons
  9 endoplasms
  5 giant cockroaches
  6 goblins
  4 hobgoblins
  6 jackals
  6 quokkas
  7 bats
  7 frilled lizards
  10 kobolds
  4 rats
202 creatures vanquished.

Vanquished Creatures (others)
  A giant cockroach (D:4)
1 creature vanquished.

Grand Total: 203 creatures vanquished

Notes
Turn   | Place    | Note
-------+----------+-------------------------------------------
     0 | D:1      | Aldia the Gnoll Wanderer began the quest for the Orb.
     0 | D:1      | Aldia set off with the following items: a +2 spear, a
                  | scroll of fog, a wand of flame (4), a scroll of
                  | teleportation, a +0 robe.
     0 | D:1      | Reached XP level 1. HP: 13/13 MP: 1/1
    93 | D:1      | Reached XP level 2. HP: 18/19 MP: 2/2
   298 | D:1      | Reached XP level 3. HP: 25/25 MP: 3/3
   587 | D:1      | Reached skill level 1 in Invocations
   766 | D:2      | Reached skill level 1 in Fighting
   766 | D:2      | Reached skill level 1 in Short Blades
   766 | D:2      | Reached skill level 1 in Long Blades
   766 | D:2      | Reached skill level 1 in Axes
   766 | D:2      | Reached skill level 1 in Maces & Flails
   766 | D:2      | Reached skill level 1 in Staves
   766 | D:2      | Reached skill level 1 in Ranged Weapons
   766 | D:2      | Reached skill level 1 in Throwing
   766 | D:2      | Reached skill level 1 in Shields
   766 | D:2      | Reached skill level 1 in Unarmed Combat
   766 | D:2      | Reached skill level 1 in Spellcasting
   868 | D:2      | Reached skill level 1 in Shapeshifting
   868 | D:2      | Reached XP level 4. HP: 32/32 MP: 5/5
   940 | D:2      | Noticed Sigmund
   954 | D:2      | Killed Sigmund
   955 | D:2      | Reached skill level 1 in Conjurations
   955 | D:2      | Reached skill level 1 in Hexes
   955 | D:2      | Reached skill level 1 in Summonings
   955 | D:2      | Reached skill level 1 in Necromancy
   955 | D:2      | Reached skill level 1 in Translocations
   955 | D:2      | Reached skill level 1 in Fire Magic
   955 | D:2      | Reached skill level 1 in Ice Magic
   955 | D:2      | Reached skill level 1 in Air Magic
   955 | D:2      | Reached skill level 1 in Earth Magic
   955 | D:2      | Reached skill level 1 in Alchemy
   955 | D:2      | Reached XP level 5. HP: 17/38 MP: 5/7
  1279 | D:2      | Reached XP level 6. HP: 44/44 MP: 8/8
  1913 | D:3      | Identified the +3 scale mail of Xynyll {Regen+}
  2704 | D:4      | Reached XP level 7. HP: 47/51 MP: 10/10
  3052 | D:4      | Found a basalt altar of Yredelemnul.
  3151 | D:5      | Entered Level 5 of the Dungeon
  3242 | D:5      | Reached skill level 9 in Polearms
  3338 | D:5      | Reached XP level 8. HP: 36/58 MP: 12/12
  3369 | D:5      | Noticed a yak
  3378 | D:5      | Noticed a yak
  3383 | D:5      | Noticed a yak
  3384 | D:5      | Noticed a yak
  3386 | D:5      | Noticed a yak
  3413 | D:5      | Found Tett's Antique Armour Emporium.
  3519 | D:5      | Found Xeogiysch's Book Shoppe.
  4396 | D:6      | Reached XP level 9. HP: 59/65 MP: 14/14
  4741 | D:5      | Reached skill level 5 in Armour
  4741 | D:5      | Reached skill level 5 in Dodging
  4762 | D:5      | Reached skill level 5 in Stealth
  4775 | D:5      | Reached skill level 5 in Invocations
  4966 | D:7      | Found a staircase to the Ecumenical Temple.
  4980 | Temple   | Entered the Ecumenical Temple
  5040 | Temple   | Became a worshipper of Elyvilon the Healer
  5412 | D:7      | Reached skill level 5 in Fighting
  5412 | D:7      | Reached skill level 5 in Short Blades
  5412 | D:7      | Reached skill level 5 in Long Blades
  5412 | D:7      | Reached skill level 5 in Axes
  5412 | D:7      | Reached skill level 5 in Maces & Flails
  5412 | D:7      | Reached skill level 5 in Staves
  5412 | D:7      | Reached skill level 5 in Ranged Weapons
  5412 | D:7      | Reached skill level 5 in Throwing
  5412 | D:7      | Reached skill level 5 in Shields
  5412 | D:7      | Reached skill level 5 in Unarmed Combat
  5412 | D:7      | Reached skill level 5 in Spellcasting
  5412 | D:7      | Reached XP level 10. HP: 74/74 MP: 17/17
  5420 | D:7      | Reached skill level 10 in Polearms
  5579 | D:7      | Reached * piety under Elyvilon
  6275 | D:8      | Found Quena's Antique Armour Emporium.
  6288 | D:8      | Found Coomyakhloo's Antique Armour Emporium.
  6293 | D:8      | Bought a pair of dazzling boots for 237 gold pieces
  6293 | D:8      | Identified the +1 pair of boots of Downy {Int+3} (You
                  | bought it in a shop on level 8 of the Dungeon)
  6303 | D:8      | Bought a shiny helmet for 187 gold pieces
  6328 | D:8      | Found Lanay's Antique Weapon Shop.
  6348 | D:8      | Noticed Maggie
  6358 | D:8      | Killed Maggie
  6459 | D:8      | Found Weleco's Jewellery Shop.
  6488 | D:8      | Found Yxkinalo's General Store.
  6609 | D:8      | Noticed a two-headed ogre
  6617 | D:8      | Killed a two-headed ogre
  6618 | D:8      | Reached skill level 5 in Shapeshifting
  6716 | D:8      | Found a staircase to the Lair.
  6891 | D:9      | Noticed a manticore
  6897 | D:9      | Killed a manticore
  6908 | D:9      | Reached ** piety under Elyvilon
  7040 | D:9      | Noticed a rakshasa
  7052 | D:9      | Killed a rakshasa
  7053 | D:9      | Reached skill level 5 in Conjurations
  7053 | D:9      | Reached skill level 5 in Hexes
  7053 | D:9      | Reached skill level 5 in Summonings
  7053 | D:9      | Reached skill level 5 in Necromancy
  7053 | D:9      | Reached skill level 5 in Translocations
  7053 | D:9      | Reached skill level 5 in Fire Magic
  7053 | D:9      | Reached skill level 5 in Ice Magic
  7053 | D:9      | Reached skill level 5 in Air Magic
  7053 | D:9      | Reached skill level 5 in Earth Magic
  7053 | D:9      | Reached skill level 5 in Alchemy
  7053 | D:9      | Reached XP level 11. HP: 81/81 MP: 18/20
  7427 | D:9      | Noticed Psyche
  7440 | D:9      | Killed Psyche
  7590 | Lair:1   | Entered Level 1 of the Lair of Beasts
  7701 | Lair:1   | Found a gate leading to a gauntlet.
  7718 | Gauntlet | Entered a Gauntlet
  7718 | Gauntlet | Found a transporter.
  7718 | Gauntlet | Found a transporter.
  7718 | Gauntlet | Found a runed translucent gate.
  7727 | Gauntlet | Found a transporter.
  7730 | Gauntlet | Found a transporter.
  7736 | Gauntlet | Noticed a death scarab
  7738 | Gauntlet | Found a transporter.
  7742 | Gauntlet | Found a transporter.
  7745 | Gauntlet | Noticed a moth of wrath
  7750 | Gauntlet | Found a transporter.
  7766 | Gauntlet | Found a transporter.
  7767 | Gauntlet | Noticed a quicksilver ooze
  7770 | Gauntlet | Reached *** piety under Elyvilon
  7780 | Gauntlet | Found a transporter.
  7784 | Gauntlet | Found a transporter.
  7792 | Gauntlet | Found a transporter.
  7796 | Gauntlet | Found a transporter.
  7798 | Gauntlet | Found a runed translucent gate.
  7798 | Gauntlet | Found a runed translucent gate.
  7947 | Gauntlet | Killed a death scarab
  8023 | Gauntlet | Killed a moth of wrath
  8026 | Gauntlet | HP: 4/124 [poisoned by a redback]
  8027 | Gauntlet | Elyvilon protects you from harm!
  8027 | Gauntlet | HP: 1/124 [redback (4)]
  8028 | Gauntlet | Elyvilon protects you from harm!
  8029 | Gauntlet | Succumbed to a redback's poison

Illustrated notes

Levels and vault maps discovered:
D:1:      moated_graveyard_arrival, layout_basic
D:2:      minmay_chambers_of_ones, layout_basic, uniq_sigmund
D:3:      layout_basic
D:4:      layout_cave_pools, kennysheep_mini_moat
D:5:      layout_rooms, serial_shops, shop, shop
D:6:      minmay_clustersquares, layout_basic
D:7:      minmay_inner_zag, layout_basic, minmay_temple_entry_stoned_glass,
          nicolae_letterblocks [nicolae_letter_subblock,
          nicolae_letter_subblock, nicolae_letter_subblock,
          nicolae_letter_subblock, nicolae_letter_subblock,
          nicolae_letter_subblock, nicolae_letter_subblock,
          nicolae_letter_subblock, nicolae_letter_subblock,
          nicolae_letter_subblock, nicolae_letter_subblock,
          nicolae_letter_subblock, nicolae_letter_subblock,
          nicolae_letter_subblock, nicolae_letter_subblock,
          nicolae_letter_subblock, nicolae_letter_subblock,
          nicolae_letter_subblock, nicolae_letter_subblock,
          nicolae_letter_subblock, nicolae_letter_subblock,
          nicolae_letter_subblock, nicolae_letter_subblock,
          nicolae_letter_subblock, nicolae_letter_subblock]
D:8:      layout_loops_ring, lair_entry_dummy, serial_shops,
          nicolae_shop_hallway_plus, nicolae_shop_trees,
          nicolae_shop_rolling_square, nicolae_shop_pleasant_corner_grove,
          nicolae_shop_back_alley_shop, minmay_misc_feat_alley, uniq_maggie
D:9:      layout_basic, kennysheep_generic_room_8, uniq_psyche
Temple:   mainiacjoe_temple_archimedes_tessellation
Lair:1:   layout_gridlike, gauntlet_entry_generic
Gauntlet: minmay_gauntlet_77_indecision
          [minmay_gauntlet_arena_77_tiled_triplets,
          minmay_gauntlet_arena_77_run_for_it, minmay_gauntlet_arena_77_museum,
          minmay_gauntlet_arena_77_two_lines, minmay_gauntlet_arena_77_mess,
          minmay_gauntlet_arena_77_block_sizes,
          nicolae_gauntlet_exit_dead_adventurers]

Skill      XL: |  1  2  3  4  5  6  7  8  9 10 11 |
---------------+----------------------------------+-----
Invocations    | 1 2 3 4 5 6 7 |  7.1
Fighting       | 1 2 3 5 6 |  6.5
Short Blades   | 1 2 3 5 6 |  6.5
Long Blades    | 1 2 3 5 6 |  6.5
Axes           | 1 2 3 5 6 |  6.5
Maces & Flails | 1 2 3 5 6 |  6.5
Staves         | 1 2 3 5 6 |  6.5
Ranged Weapons | 1 2 3 5 6 |  6.5
Throwing       | 1 2 3 5 6 |  6.5
Shields        | 1 2 3 5 6 |  6.5
Unarmed Combat | 1 2 3 5 6 |  6.5
Spellcasting   | 1 2 3 5 6 |  6.5
Shapeshifting  | 1 2 3 4 5 |  5.9
Armour         | 3 4 5 6 7 |  7.1
Dodging        | 3 4 5 6 7 |  7.1
Conjurations   | 1 2 3 4 5 |  5.4
Hexes          | 1 2 3 4 5 |  5.4
Summonings     | 1 2 3 4 5 |  5.4
Necromancy     | 1 2 3 4 5 |  5.4
Translocations | 1 2 3 4 5 |  5.4
Fire Magic     | 1 2 3 4 5 |  5.4
Ice Magic      | 1 2 3 4 5 |  5.4
Air Magic      | 1 2 3 4 5 |  5.4
Earth Magic    | 1 2 3 4 5 |  5.4
Alchemy        | 1 2 3 4 5 |  5.4
Stealth        | 3 4 5 6 7 |  7.0
Evocations     | 7 8 9 |  9.3
Polearms       | 9 10 | 10.7

Action                     |  1- 3 |  4- 6 |  7- 9 | 10-12 || total
---------------------------+-------+-------+-------+-------++-------
  Melee: Spear             |   107 |   208 |   197 |       ||   512
         Bite              |     5 |    11 |    50 |    27 ||    93
         Punch             |       |     3 |    11 |     2 ||    16
         Trident           |       |       |   238 |    62 ||   300
         Halberd           |       |       |       |   168 ||   168
  Evoke: Wand              |       |       |     3 |       ||     3
    Use: Scroll            |       |     7 |     9 |     4 ||    20
         Potion            |       |     1 |     1 |     2 ||     4
   Stab: Sleeping          |     2 |     1 |     2 |     4 ||     9
 Armour: Robe              |     5 |       |       |       ||     5
         Scale mail        |     9 |    56 |   184 |   143 ||   392
  Dodge: Dodged            |    37 |    92 |   296 |   194 ||   619

Table legend: (Time is in decaauts)
 A = Elapsed time spent in this place.
 B = Non-inter-level travel time spent in this place.
 C = Inter-level travel time spent in this place.
 D = Time resting spent in this place.
 E = Time spent auto-exploring this place.
 F = Levels seen in this place.
 G = Mean time per level.
                   A        B        C        D        E       F      G
               +--------+--------+--------+--------+--------+-----+--------+
         Total |   7922 |   7268 |    654 |     49 |   5101 |  12 |  660.2 |
       Dungeon |   7375 |   6802 |    573 |     17 |   4929 |   9 |  819.4 |
        Temple |    110 |     29 |     81 |      0 |      0 |   1 |  110.0 |
          Lair |    126 |    126 |      0 |      0 |     79 |   1 |  126.0 |
      Gauntlet |    310 |    310 |      0 |     32 |     93 |   1 |  310.0 |
               +--------+--------+--------+--------+--------+-----+--------+

Top non-repeatable levels by time:
     D:7: 1037 daAuts
     D:2: 943 daAuts
     D:3: 924 daAuts
     D:6: 921 daAuts
     D:8: 877 daAuts
     D:9: 758 daAuts
     D:5: 681 daAuts
     D:1: 630 daAuts
     D:4: 601 daAuts
Gauntlet: 310 daAuts
  Lair:1: 126 daAuts
  Temple: 110 daAuts
